 Dungeon Crawl Stone Soup version 0.25.1-2-g60ff931df9 (webtiles) character file.

Game seed: 1674462619240804477

347 pokeman the Magician (level 6, 0/34 HPs)
             Began as a Deep Elf Wizard on Nov 21, 2020.
             Slain by Duvessa
             ... wielding a +2 short sword of electrocution
              (12 damage)
             ... on level 4 of the Dungeon.
             The game lasted 00:09:49 (3766 turns).

pokeman the Magician (Deep Elf Wizard)              Turns: 3766, Time: 00:09:50

Health: 0/34       AC:  2    Str:  4    XL:     6   Next: 32%
Magic:  0/17       EV: 13    Int: 25    God:
Gold:   127        SH:  0    Dex: 13    Spells: 7/18 levels left

rFire    . . .     SeeInvis .   c - +2 spear (freeze)
rCold    . . .     Gourm    .   (no shield)
rNeg     . . .     Faith    .   a - +0 robe
rPois    .         Spirit   .   b - +0 hat
rElec    .         Reflect  .   r - -2 cloak (curse)
rCorr    +         Harm     .   m - +0 pair of gloves
MR       .....                  (no boots)
Stlth    ++........             (no amulet)
HPRegen  0.11/turn              n - ring of resist corrosion
MPRegen  0.15/turn              (no ring)

@: lethally poisoned (0 -> -1)
A: no striking features
a: no special abilities


You were on level 4 of the Dungeon.
You were hungry.

You visited 1 branch of the dungeon, and saw 4 of its levels.

You collected 127 gold pieces.

Inventory:

Hand Weapons
 c - a +2 spear of freezing (weapon)
Missiles
 s - 19 bolts
Armour
 a - a +0 robe (worn)
 b - a +0 hat (worn)
 m - a +0 pair of gloves (worn)
 r - a cursed -2 cloak (worn)
Jewellery
 n - a ring of resist corrosion (left hand)
Scrolls
 e - 3 scrolls of teleportation {unknown}
 f - a scroll of enchant weapon {unknown}
 g - a scroll of identify {unknown}
 h - a scroll of magic mapping {unknown}
 j - 2 scrolls of remove curse {unknown}
 l - a scroll of fear {unknown}
 t - a scroll of blinking {unknown}
Potions
 i - 2 potions of flight {unknown}
 k - a potion of curing {unknown}
 o - a potion of stabbing {unknown}
 p - a potion of cancellation {unknown}
Comestibles
 d - 4 rations
 q - 5 chunks of flesh


   Skills:
 + Level 1.4 Fighting
 - Level 1.0 Armour
 - Level 3.0 Dodging
 - Level 2.4 Stealth
 * Level 6.9 Spellcasting
 + Level 3.2 Conjurations
 - Level 1.1 Summonings
 - Level 1.1 Translocations
 + Level 1.9 Fire Magic
 - Level 1.0 Air Magic
 - Level 1.0 Poison Magic


You had 7 spell levels left.
You knew the following spells:

 Your Spells              Type           Power        Failure   Level  Hunger
a - Magic Dart            Conj           ###.         1%          1    None
b - Mephitic Cloud        Conj/Pois/Air  ###.....     10%         3    None
c - Call Imp              Summ           ##......     6%          2    None
d - Blink                 Tloc           N/A          6%          2    None
e - Conjure Flame         Conj/Fire      ###.....     7%          3    None

Your spell library contained the following spells:

 Spells                   Type           Power        Failure   Level  Hunger
 Slow                     Hex            #.......     11%         2    None


Dungeon Overview and Level Annotations

Branches:
Dungeon (4/15)
 Temple: D:4-7

Altars:
Sif Muna

Annotations:
D:4 Dowan, Duvessa


Message History

Aim: Duvessa, wielding a +2 short sword of electrocution and wearing a +0 leather armour (almost dead)
The magic dart hits Duvessa but does no damage.
Duvessa is almost dead.
Your magical contamination has completely faded away.
Attack whom?
Press: ? - help, Dir - move target cursor, f/p - Duvessa
Aim: Duvessa, wielding a +2 short sword of electrocution and wearing a +0 leather armour (almost dead)
You closely miss Duvessa.
Duvessa is almost dead.
You feel sick. Duvessa closely misses you.
Your crimson imp blinks!
Your crimson imp hits Duvessa but does no damage.
Attack whom?
Press: ? - help, Dir - move target cursor, f/p - Duvessa
Aim: Duvessa, wielding a +2 short sword of electrocution and wearing a +0 leather armour (almost dead)
You hit Duvessa. You freeze Duvessa.
Duvessa is almost dead.
Your crimson imp disappears in a puff of smoke!
Duvessa hits you with a +2 short sword of electrocution!
You die...

### ##.# ##
###..##.#
#...@e§.#
#...........5....#
#$.###.##..§......
..#######..#
###..##......
........a..## #...
#.....
...(....#....
###.# ##...
............. .#
#.. ............
.. .. .....=.#


You could see Duvessa and a friendly crimson imp (summoned).

Vanquished Creatures
  A bullfrog (D:3)
  An iguana (D:3)
  3 worker ants (D:4)
  7 gnolls
  6 adders
  An ooze (D:2)
  A worm (D:3)
  2 dart slugs (D:2)
  3 leopard geckos (D:3)
  6 giant cockroaches
  7 goblins
  12 hobgoblins
  3 jackals
  6 kobolds
  A quokka (D:3)
  3 bats
  A frilled lizard (D:4)
  9 rats
73 creatures vanquished.

Notes
Turn   | Place    | Note
-------+----------+-------------------------------------------
     0 | D:1      | pokeman the Deep Elf Wizard began the quest for the Orb.
     0 | D:1      | Reached XP level 1. HP: 10/10 MP: 7/7
   266 | D:1      | Reached XP level 2. HP: 15/15 MP: 6/9
   828 | D:1      | Reached skill level 5 in Spellcasting
   977 | D:2      | Reached XP level 3. HP: 17/20 MP: 5/11
   982 | D:2      | Learned a level 3 spell: Mephitic Cloud
   985 | D:2      | Learned a level 2 spell: Call Imp
   988 | D:2      | Learned a level 2 spell: Blink
   992 | D:2      | Learned a level 3 spell: Conjure Flame
  1134 | D:2      | Reached skill level 1 in Fighting
  1218 | D:2      | Reached skill level 1 in Armour
  1563 | D:2      | Reached XP level 4. HP: 25/25 MP: 8/13
  2215 | D:3      | Found a shimmering blue altar of Sif Muna.
  2568 | D:3      | Reached skill level 1 in Fire Magic
  2960 | D:3      | Reached skill level 6 in Spellcasting
  2960 | D:3      | Reached XP level 5. HP: 29/29 MP: 8/15
  3293 | D:4      | Noticed an ice beast
  3370 | D:3      | Reached skill level 1 in Air Magic
  3370 | D:3      | Reached skill level 1 in Poison Magic
  3466 | D:4      | Noticed Dowan
  3565 | D:3      | Reached XP level 6. HP: 13/34 MP: 5/17
  3731 | D:4      | Noticed Duvessa
  3766 | D:4      | Slain by Duvessa

Illustrated notes

Levels and vault maps discovered:
D:1:      nicolae_arrival_memento_mori, layout_basic, minmay_misc_feat_diagonals
D:2:      layout_loops_ring
D:3:      layout_basic, hex_tiny, lemuel_blue_sif_altar
D:4:      layout_cave_pools, lemuel_zombie_altar_yredelemnul, serial_shops,
          nicolae_shop_waterfront, goddamned_bats, uniq_duvessa

Skill      XL: |  1  2  3  4  5 |
---------------+----------------+-----
Spellcasting   | 5 6 |  6.9
Fighting       | 1 |  1.4
Armour         | 1 |  1.0
Conjurations   | 2 3 |  3.2
Fire Magic     | 1 |  1.9
Dodging        | 3 |  3.0
Air Magic      | 1 |  1.0
Poison Magic   | 1 |  1.0
Stealth        | |  2.4
Summonings     | |  1.1
Translocations | |  1.1

Action                   |  1- 3 |  4- 6 || total
-------------------------+-------+-------++-------
Melee: Unarmed           |     5 |     3 ||     8
       Spear             |       |    34 ||    34
 Cast: Magic Dart        |    86 |   139 ||   225
       Mephitic Cloud    |       |     8 ||     8
       Conjure Flame     |       |     1 ||     1
       Call Imp          |       |     4 ||     4
 Stab: Confused          |       |     2 ||     2
  Eat: Chunk             |     2 |     6 ||     8
Armor: Robe              |     2 |     5 ||     7
Dodge: Dodged            |    12 |    37 ||    49
